 Dungeon Crawl Stone Soup version 0.30.1-11-g7821555f0a (webtiles) character file.

Game seed: 7069660200807430080

28 Aviaq the Gusty (level 2, -1/12 HPs)
             Began as a Felid Air Elementalist on Dec 3, 2023.
             Was a Plaything of Xom.
             Slain by a gnoll
             ... wielding a +0 club
             ... led by a gnoll bouda
              (6 damage)
             ... on level 2 of the Dungeon.
             The game lasted 00:02:38 (568 turns).

Aviaq the Gusty (Felid Air Elementalist)             Turns: 568, Time: 00:02:39

Health: -1/12      AC:  1    Str:  4    XL:     2   Next: 96%
Magic:  5/6        EV: 17    Int: 16    God:    Xom [...*..]
Gold:   5          SH:  5    Dex: 16    Spells: 2/5 levels left
                                        Lives:  0   Deaths: 0

rFire   . . .        (weapon unavailable)
rCold   . . .        (shield unavailable)
rNeg    . . .        (body armour unavailable)
rPois   .            (helmet unavailable)
rElec   .            (cloak unavailable)
rCorr   .            (gloves unavailable)
SInv    +            (boots unavailable)
Will    .....        c - amulet of reflection
Stlth   ++           (no ring)
HPRegen 0.22/turn    (no ring)
MPRegen 0.10/turn

%: reflection
@: brilliant, on berserk cooldown, slowed, slow
A: very small, claws 1, fangs 3, see invisible, speed 1, shaggy fur 1, stealthy
paws, no weapons or thrown items, no armour, multi-lived
a: Renounce Religion


You were on level 2 of the Dungeon.
You worshipped Xom.
You were a favourite toy of Xom.
You visited 1 branch of the dungeon, and saw 2 of its levels.

You collected 5 gold pieces.

Inventory:

Jewellery
 c - an amulet of reflection (around neck)
Scrolls
 d - a scroll of enchant weapon


   Skills:
 * Level 1.0 Fighting
 * Level 2.8 Dodging
 * Level 3.0 Stealth
 * Level 0.3 Unarmed Combat
 * Level 2.2 Spellcasting
 * Level 1.0 Conjurations
 * Level 3.1 Air Magic


You had 2 spell levels left.
You knew the following spells:

 Your Spells              Type           Power      Damage    Failure   Level
a - Shock                 Conj/Air       48%        1d6       9%          1
b - Static Discharge      Conj/Air       24%        2-3/arc   13%         2

Your spell library contained the following spells:

 Spells                   Type           Power      Damage    Failure   Level
 Swiftness                Air            17%        N/A       17%         3
 Airstrike                Air            8%         2d(2-18)  50%         4


Dungeon Overview and Level Annotations

Branches:
Dungeon (2/15)

Altars:
Xom


Innate Abilities, Weirdness & Mutations

You have sharp claws.
You have razor-sharp teeth.
You have supernaturally acute eyesight. (SInv)
You cover ground quickly. (Speed+)
You are covered in fur. (AC +1)
Your paws help you pounce on unaware monsters.
You are incapable of wielding weapons or throwing items.
You cannot wear armour.
You gain extra lives every three experience levels.


Message History

The gnoll hits you from afar with a +0 spear.
* * * LOW HITPOINT WARNING * * *
Your Fighting skill increases to level 1!
Your Conjurations skill increases to level 1!
You see here a +0 spear.
You swap places.
You feel a strong urge to attack something.
The gnoll hits your butterfly with a +0 club.
Your butterfly dies!
Your butterfly disappears in a puff of smoke!
You feel your anger nearly subside.
You are no longer berserk.
You are exhausted.
You feel yourself slow down.
Your attacks no longer feel as feeble.
The gnoll stops moving altogether!
The gnoll bouda gazes fiercely through you!
You feel your attacks grow feeble.
The gnoll is no longer moving quickly. x2
The gnoll bouda barks out a call to the hunt!
The gnoll picks up the pace!
As you read the scroll labelled ZYL QYHINAPTA, it crumbles to dust.
It is a scroll of identify.
d - a scroll of enchant weapon The gnoll is no longer moving quickly.
You block the gnoll's attack.
The gnoll bouda calls upon its god to heal the gnoll.
The gnoll's wounds heal themselves!
The gnoll barely misses you.
The gnoll bouda barks out a call to the hunt!
The gnoll picks up the pace!
It was a potion of curing.
You feel better.
Xom is amused.
Your attacks no longer feel as feeble.
The gnoll hits you with a +0 club.
The giant cockroach waves its antennae.
You block the gnoll's attack. The gnoll attacks as you move away!
You block the gnoll's attack. You block the gnoll's attack.
The gnoll attacks as you move away! The gnoll hits you with a +0 club.
Ouch! That really hurt!
You die...
Xom chuckles heartily!

# #..g.......##.#.#
#..
###.######.##.#.####.#
#.# #.##.#.#....# #g#
#.#....#.#### #B#
#.#.......... #.#
#....#....... #.#
###..########
#g########..#
#.g@........########
###########.........
##########


You could see 2 gnolls.

Vanquished Creatures
  A gnoll (D:2)
  A ball python (D:2)
  3 giant cockroaches
  A goblin (D:2)
  3 hobgoblins
  2 kobolds
  3 bats
  A rat (D:1)
15 creatures vanquished.

Notes
Turn   | Place    | Note
-------+----------+-------------------------------------------
     0 | D:1      | Aviaq the Felid Air Elementalist began the quest for the
                  | Orb.
     0 | D:1      | Reached XP level 1. HP: 7/7 MP: 4/4
   127 | D:1      | Reached XP level 2. HP: 11/11 MP: 0/6
   130 | D:1      | Learned a level 2 spell: Static Discharge
   142 | D:1      | Found a faded altar of an unknown god.
   159 | D:1      | Prayed at the altar of an unknown god.
   159 | D:1      | Became a worshipper of Xom the Psychopath
   232 | D:2      | XOM: divination: magic mapping
   496 | D:2      | XOM: silly message
   542 | D:2      | XOM: potion effect (brilliance)
   550 | D:2      | XOM: butterfly on damage
   556 | D:2      | Reached skill level 1 in Fighting
   556 | D:2      | Reached skill level 1 in Conjurations
   568 | D:2      | Slain by a gnoll

Illustrated notes

Levels and vault maps discovered:
D:1:      pf_arrival_petrified_forest, layout_basic,
          ebering_ecumenical_altar_box
D:2:      layout_basic, uniq_jessica

Skill      XL: |  1  2 |
---------------+-------+-----
Stealth        | 3 |  3.0
Air Magic      | 3 |  3.1
Fighting       | 1 |  1.0
Conjurations   | 1 |  1.0
Dodging        | |  2.8
Unarmed Combat | |  0.3
Spellcasting   | |  2.2

Action                     || total
---------------------------++-------
  Melee: Unarmed           ||     8
         Punch             ||     1
         Bite              ||     1
   Cast: Shock             ||    17
         Static Discharge  ||     8
    Use: Potion            ||     3
         Scroll            ||     1
 Armour: Skin              ||     2
  Dodge: Dodged            ||    18
  Block: Other             ||     5
